 Dungeon Crawl Stone Soup version 0.27-a0-1154-gfdeffcb720 (webtiles) character file.

Game seed: 16728003089270543480

147 Sobieck the Chopper (level 5, -4/47 HPs)
             Began as a Hill Orc Monk on May 14, 2021.
             Slain by a black bear (8 damage)
             ... on level 3 of the Dungeon.
             The game lasted 00:05:56 (3688 turns).

Sobieck the Chopper (Hill Orc Monk)                 Turns: 3688, Time: 00:05:57

Health: -4/47      AC:  5    Str: 15    XL:     5   Next: 29%
Magic:  14/14      EV: 12    Int: 10    God:
Gold:   120        SH:  5    Dex: 17    Spells: 4/4 levels left

rFire    + . .     SeeInvis .   a - +0 war axe {axe}
rCold    . . .     Faith    .   c - +1 buckler of Fortitude {rF+ Dex+4}
rNeg     + . .     Spirit   .   b - +0 robe
rPois    .         Reflect  .   k - +2 hat
rElec    .         Harm     .   r - +0 cloak {Will+}
rCorr    .         Rampage  .   (no gloves)
Will     +....                  (no boots)
Stlth    ++........             (no amulet)
HPRegen  0.15/turn              j - ring of magical power
MPRegen  0.14/turn              l - ring of positive energy

@: no status effects
A: no striking features
a: no special abilities


You were on level 3 of the Dungeon.
You visited 1 branch of the dungeon, and saw 4 of its levels.

You collected 120 gold pieces.


   Skills:
 + Level 4.9 Fighting
 + Level 5.4 Axes
 + Level 2.8 Armour
 - Level 2.4 Dodging
 - Level 1.5 Stealth
 + Level 0.7 Shields


You had 4 spell levels left.
You didn't know any spells.
Your spell library contained the following spells:

 Spells                   Type           Power      Damage    Failure   Level
 Beastly Appendage        Tmut           0%         N/A       50%         1
 Wereblood                Tmut           0%         N/A       65%         2
 Spider Form              Tmut/Pois      0%         N/A       86%         3
 Ice Form                 Ice/Tmut       0%         N/A       99%         4
 Hydra Form               Tmut           0%         N/A       100%        5

Inventory:

Hand Weapons
 a - a +0 war axe (weapon) {axe}
   (You took it off an orc on level 3 of the Dungeon)
 i - a +1 vorpal spear {polearm}
   (You found it on level 1 of the Dungeon)
 m - a +1 whip of freezing {mace}
   (You took it off a kobold on level 1 of the Dungeon)
 s - a +0 mace {mace}
   (You found it on level 2 of the Dungeon)
 v - a +0 hand axe {axe}
Missiles
 e - 54 stones (quivered) {throwing}
 f - 16 sling bullets
 g - 45 arrows
 o - 3 boomerangs {throwing}
 p - 6 datura-tipped darts {throwing}
 t - 13 bolts
Armour
 b - a +0 robe (worn)
 c - the +1 buckler of Fortitude (worn) {rF+ Dex+4}
   (You acquired it on level 4 of the Dungeon)

   It affects your dexterity (+4).
   It protects you from fire.
 k - a +2 hat (worn)
   (You found it on level 1 of the Dungeon)
 r - a +0 cloak of willpower (worn)
   (You took it off Crazy Yiuf on level 2 of the Dungeon)
Jewellery
 j - a ring of magical power (left hand)
   (You found it on level 1 of the Dungeon)
 l - a ring of positive energy (right hand)
   (You found it on level 1 of the Dungeon)
Scrolls
 d - 2 scrolls of identify {@r1}
 n - a scroll of magic mapping {!r}
Potions
 h - a potion of flight
 q - a potion of haste {@q3}
 u - 2 potions of curing {@q1}

Dungeon Overview and Level Annotations

Branches:
Dungeon (4/15)
 Temple: D:4-7

Altars:
Vehumet

Annotations:
D:3 exclusion: downstairs

## .### ...#######
.........##
...#.#.#..########
...............†@#
.#...#...#..##.h##
...#...#....##..#
#.........#.##..#
..#.._..#...##..######
#........[#.##...#....#
...#...#....###..##.#.#
.#...#...#...##..##.#.#
.............##.....#.#


You could see a black bear (berserk).


Message History

You kill the orc!
Things that are here:
a +0 war axe {axe}; an orc corpse; 😮 HP[+1]
v - a +0 war axe {axe} Adjust (i)tems, (s)pells, or (a)bilities?
v - a +0 war axe {axe} Adjust to which letter? (? for menu, Esc to quit)
a - a +0 war axe {axe};
v - a +0 hand axe {axe} Your +1 whip of freezing {mace} stops glowing.
a - a +0 war axe (weapon)
{axe}
There is a stone staircase leading down here.
You start resting. 😎 HP[+17]
Your hp is fully restored (47).
You climb downwards.
There is a stone staircase leading up here.
You climb upwards.
Level annotation: exclusion: downstairs
There is a stone staircase leading down here.
You climb downwards.
You block the black bear's attack.
The black bear claws you but does no damage.
The black bear claws you.
There is a stone staircase leading up here. 😕 HP[-4]
You take 4 damage, and now have 43/47 hp.
The black bear barely misses you. You block the black bear's attack.
The black bear barely misses you.
You climb upwards.
Level annotation: exclusion: downstairs
There is a stone staircase leading down here.
You hit the black bear. You block the black bear's attack.
The black bear claws you but does no damage.
The black bear claws you. 😕 HP[-4]
You take 4 damage, and now have 39/47 hp.
You slash the black bear!
The black bear bites you but does no damage.
You block the black bear's attack. The black bear claws you.
The black bear bites you.
The black bear claws you but does no damage.
The black bear closely misses you. 😮 HP[-6]
You take 6 damage, and now have 33/47 hp.
You slash the black bear! The black bear bites you.
The black bear barely misses you.
The black bear claws you but does no damage. 😮 HP[-3]
You take 3 damage, and now have 30/47 hp.
You hit the black bear. The black bear closely misses you.
The black bear claws you. x2 😮 HP[-5]
You take 5 damage, and now have 25/47 hp.
You barely miss the black bear. The black bear bites you!
* * * LOW HITPOINT WARNING * * *
You block the black bear's attack.
The black bear claws you but does no damage. 😨 HP[-9]
You take 9 damage, and now have 16/47 hp.
Unknown command.
You closely miss the black bear. You block the black bear's attack. x2
The black bear completely misses you.
The black bear bites you but does no damage.
The black bear barely misses you. The black bear closely misses you.
You barely miss the black bear. The black bear bites you.
* * * LOW HITPOINT WARNING * * *
The black bear claws you.
* * * LOW HITPOINT WARNING * * *
The black bear closely misses you. 😱 HP[-7]
You take 7 damage, and now have 9/47 hp.
Unknown command.
You completely miss the black bear. The black bear misses you.
The black bear claws you.
* * * LOW HITPOINT WARNING * * *
The black bear closely misses you. 😱 HP[-1]
You take 1 damage, and now have 8/47 hp.
Okay, then.
Unknown command.
You hit the black bear but do no damage.
The black bear bites you but does no damage.
The black bear claws you.
* * * LOW HITPOINT WARNING * * *
You block the black bear's attack. The black bear closely misses you.
The black bear claws you but does no damage.
The black bear claws you.
* * * LOW HITPOINT WARNING * * *
😱 HP[-2]
You take 2 damage, and now have 6/47 hp.
You slash the black bear! The black bear bites you.
* * * LOW HITPOINT WARNING * * *
The black bear barely misses you. The black bear claws you.
* * * LOW HITPOINT WARNING * * *
😱 HP[-2]
You take 2 damage, and now have 4/47 hp.
Unknown command.
You barely miss the black bear.
The black bear goes berserk!
You closely miss the black bear. The black bear bites you!
You die...

Skill      XL: |  1  2  3  4 |
---------------+-------------+-----
Armour         | 1 2 |  2.8
Fighting       | 4 |  4.9
Axes           | 5 |  5.4
Dodging        | |  2.4
Stealth        | |  1.5
Shields        | |  0.7

Action                   |  1- 3 |  4- 6 || total
-------------------------+-------+-------++-------
Melee: Hand axe          |   107 |       ||   107
       Whip              |    15 |    85 ||   100
       War axe           |       |    12 ||    12
Throw: Stone             |    11 |     1 ||    12
  Use: Scroll            |       |     9 ||     9
 Stab: Sleeping          |     5 |     3 ||     8
Armor: Robe              |    21 |    19 ||    40
Dodge: Dodged            |    90 |    48 ||   138
Block: Buckler           |       |    15 ||    15

Levels and vault maps discovered:
D:1:      lemuel_arrival_muddy, layout_basic, st_stairs_6, minmay_tetromino_t2
D:2:      layout_basic, ebering_ecumenical_altar_box, minmay_rat_gold_closets,
          uniq_crazy_yiuf_cottage
D:3:      layout_basic, nicolae_vehumet_radiance, lemuel_round_altar
D:4:      layout_rooms, nicolae_overflow_crystal_walls, eino_tiny_chamber,
          minmay_shop_damaged, minmay_between, uniq_blork_the_orc, uniq_duvessa

Notes
Turn   | Place    | Note
-------+----------+-------------------------------------------
     0 | D:1      | Sobieck the Hill Orc Monk began the quest for the Orb.
     0 | D:1      | Reached XP level 1. HP: 19/19 MP: 1/1
     0 | D:1      | magus.rc [v1.9.6]
    88 | D:1      | Reached XP level 2. HP: 19/27 MP: 2/2
   249 | D:1      | Reached skill level 1 in Armour
   381 | D:1      | Reached skill level 4 in Fighting
   707 | D:1      | HP: 5/27 [quokka (2)]
   710 | D:1      | Reached XP level 3. HP: 7/33 MP: 3/3
  1819 | D:2      | Found a faded altar of an unknown god.
  1942 | D:2      | Reached skill level 2 in Armour
  1942 | D:2      | Reached XP level 4. HP: 41/41 MP: 4/4
  2018 | D:3      | Found a radiant altar of Vehumet.
  2438 | D:2      | Found a runed translucent door.
  2439 | D:2      | Noticed Crazy Yiuf
  2502 | D:2      | Reached skill level 5 in Axes
  2734 | D:2      | HP: 6/41 [Crazy Yiuf/+3 quarterstaff of chaos (7)]
  2735 | D:2      | Killed Crazy Yiuf
  3090 | D:4      | Identified a scroll of acquirement
  3090 | D:4      | Acquired the +1 buckler of Fortitude {rF+ Dex+4}
  3100 | D:4      | Noticed an ogre
  3251 | D:3      | Reached XP level 5. HP: 15/47 MP: 5/5
  3480 | D:3      | You pick up a book of Changes and begin reading...
  3480 | D:3      | You add the spells Beastly Appendage, Wereblood, Spider
                  | Form, Ice Form and Hydra Form to your library.
  3541 | D:4      | Noticed a black bear
  3683 | D:3      | HP: 9/47 [black bear (5)]
  3686 | D:3      | HP: 4/47 [black bear (1)]
  3688 | D:3      | Slain by a black bear

Vanquished Creatures
  Crazy Yiuf (D:2)
  An orc wizard (D:3)
  3 adders
  2 worms (D:2)
  2 orcs
  7 endoplasms
  A giant cockroach (D:1)
  5 goblins (D:1)
  5 hobgoblins
  4 jackals (D:1)
  5 quokkas
  6 ball pythons
  4 bats
  2 frilled lizards
  5 kobolds
  8 rats
61 creatures vanquished.

Table legend:
 A = Non-vault XP
 B = Vault XP
 C = Vault XP percentage of total XP
 D = Non-vault monster count
 E = Vault monster count
 F = Vault count percentage of total count
                 A         B        C        D         E       F
            +---------+---------+-------+---------+---------+-------
      Total |     161 |      50 |  23.7 |      53 |       8 |  13.1
            +---------+---------+-------+---------+---------+-------
        D:1 |      48 |       2 |   4.0 |      29 |       1 |   3.3
        D:2 |      47 |      48 |  50.5 |      11 |       7 |  38.9
        D:3 |      63 |       0 |   0.0 |      12 |       0 |   0.0
        D:4 |       3 |       0 |   0.0 |       1 |       0 |   0.0
            +---------+---------+-------+---------+---------+-------

Illustrated notes

Table legend:
 A = Kills in this place as a percentage of kills in entire the game.
 B = Kills by you in this place as a percentage of kills by you in the entire game.
 C = Kills by friends in this place as a percentage of kills by friends in the entire game.
 D = Other kills in this place as a percentage of other kills in the entire game.
 E = Experience gained in this place as a percentage of experience gained in the entire game.
 F = Experience gained in this place divided by the number of levels of this place that you have seen.
                   A       B       C       D       E      F
               +-------+-------+-------+-------+-------+----------------------
         Total | 100.0 | 100.0 |   N/A |   N/A | 100.0 |  52.8
       Dungeon | 100.0 | 100.0 |   N/A |   N/A | 100.0 |  52.8
               +-------+-------+-------+-------+-------+----------------------

Table legend: (Time is in decaauts)
 A = Elapsed time spent in this place.
 B = Non-inter-level travel time spent in this place.
 C = Inter-level travel time spent in this place.
 D = Time resting spent in this place.
 E = Time spent auto-exploring this place.
 F = Levels seen in this place.
 G = Mean time per level.
                   A        B        C        D        E       F      G
               +--------+--------+--------+--------+--------+-----+--------+
         Total |   3698 |   3540 |    158 |    934 |   2084 |   4 |  924.5 |
       Dungeon |   3698 |   3540 |    158 |    934 |   2084 |   4 |  924.5 |
               +--------+--------+--------+--------+--------+-----+--------+

Top non-repeatable levels by time:
     D:1: 1784 daAuts
     D:2: 1246 daAuts
     D:3: 634 daAuts
     D:4: 33 daAuts
